 Dungeon Crawl Stone Soup version 0.30-b1-2-g02819fbbbe (webtiles) character file.

Game seed: 3310514698460717603

1366 Metae the Trooper (level 8, -7/73 HPs)
             Began as a Minotaur Fighter on June 14, 2023.
             Killed by divine providence
             ... invoked by an orc priest
              (12 damage)
             ... on level 6 of the Dungeon.
             The game lasted 00:13:43 (4506 turns).

Metae the Trooper (Minotaur Fighter)                Turns: 4506, Time: 00:13:44

Health: -7/73      AC: 13    Str: 22    XL:     8   Next: 38%
Magic:  7/7        EV:  6    Int:  5    God:
Gold:   166        SH: 24    Dex: 11    Spells: 7/7 levels left

rFire   . . .        v - +1 whip (elec)
rCold   . . .        B - +5 tower shield of Grand Surprise {Harm rCorr}
rNeg    . . .        u - +0 chain mail
rPois   .            (helmet restricted)
rElec   .            (no cloak)
rCorr   +            q - +0 pair of gloves
SInv    .            t - +0 pair of boots
Will    .....        c - amulet of reflection Stlth
                     (no ring)
HPRegen 0.32/turn    (no ring)
MPRegen 0.10/turn

%: harm (+30% outgoing, +20% incoming), reflection
@: no status effects
A: horns 2, retaliatory headbutt
a: no special abilities


You were on level 6 of the Dungeon.
You visited 1 branch of the dungeon, and saw 6 of its levels.

You collected 166 gold pieces.

Inventory:

Hand Weapons
 a - a +0 flail
 b - a +0 war axe of electrocution
 r - a +0 sling
 v - a +1 whip of electrocution (weapon)
Missiles
 k - 33 stones (quivered)
Armour
 q - a +0 pair of gloves (worn)
 t - a +0 pair of boots (worn)
 u - a +0 chain mail (worn)
 B - the +5 tower shield of Grand Surprise (worn) {Harm rCorr}
   (You found it on level 5 of the Dungeon)

   rCorr:     It protects you from acid and corrosion.
   Harm:      It increases damage dealt and taken.
Jewellery
 c - an amulet of reflection (around neck)
Scrolls
 e - 2 scrolls of silence
 f - 2 scrolls of enchant armour
 h - 2 scrolls of immolation
 i - 2 scrolls of teleportation
 j - 2 scrolls of noise {unknown}
 l - a scroll of fog {unknown}
 m - a scroll of summoning {unknown}
 y - a scroll of fear {unknown}
 z - a scroll of amnesia {unknown}
Potions
 d - 4 potions of might
 g - 2 potions of mutation {unknown}
 n - a potion of invisibility {unknown}
 p - 2 potions of curing {unknown}
 s - a potion of haste
 w - 3 potions of lignification {unknown}
 x - a potion of flight {unknown}
 A - a potion of attraction {unknown}


   Skills:
 + Level 7.2 Fighting
 + Level 6.5 Maces & Flails
 + Level 7.1 Armour
 + Level 7.2 Shields


You had 7 spell levels left.
You didn't know any spells.
Your spell library contained the following spells:

 Spells                   Type           Power      Damage    Failure   Level
 Ensorcelled Hibernation  Hex/Ice        0%         N/A       100%        2
 Call Canine Familiar     Summ           0%         N/A       100%        3
 Portal Projectile        Hex/Tloc       0%         N/A       100%        3
 Spider Form              Tmut/Pois      0%         N/A       100%        3
 Tukima's Dance           Hex            0%         N/A       100%        3
 Anguish                  Hex/Necr       0%         N/A       100%        4
 Leda's Liquefaction      Hex/Erth       0%         N/A       100%        4
 Blade Hands              Tmut           0%         N/A       100%        5


Dungeon Overview and Level Annotations

Branches:
Dungeon (6/15)
 Temple: D:4-7

Altars:
Hepliaklqana
Okawaru
Xom
The Shining One

Shops:
D:3 (

Annotations:
D:6 1 runed translucent door, windycow's ghost, novice DsGl


Innate Abilities, Weirdness & Mutations

You have a pair of horns on your head.
You reflexively headbutt those who attack you in melee.


Message History

The orc priest hits you with a +3 falchion.
The orc priest invokes the aid of Beogh against you.
Pain shoots through your body! You block the orc's attack. x2
The orc priest miscasts a cantrip.
The orc priest casts a cantrip, but nothing happens.
Windycow's ghost screams, "You will join me soon!"
The orc attacks as you move away! You block the orc's attack.
Windycow's ghost laughs crazily.
You block the orc's attack.
The orc priest calls upon Beogh to heal the orc.
The orc is healed somewhat.
The orc attacks as you move away! You block the orc's attack.
The orc attacks as you move away! You block the orc's attack.
The orc priest calls upon Beogh to heal the orc priest.
The orc priest's wounds heal themselves!
What are your orders? t - Shout!
Orders for allies: a - Attack new target. r - Retreat! s - Stop attacking. g - Guard the area. f - Follow me.
Anything else - Cancel.
Okay, then.
Unknown command.
The orc priest invokes the aid of Beogh against you.
Beogh smites you!
* * * LOW HITPOINT WARNING * * *
You block the orc's attack.
The orc priest looks satisfied for a moment.
The orc attacks as you move away! The orc completely misses you.
You furiously retaliate!
You headbutt the orc.
The orc priest calls down the wrath of Beogh upon you.
Beogh smites you!
* * * LOW HITPOINT WARNING * * *
You see here a +0 hand axe.
Okay, then.
The orc attacks as you move away! You block the orc's attack.
The orc priest mumbles some strange prayers to Beogh against you.
Beogh smites you!
You die...

#.##.##.##.##.##
.....##<##.....#
#.#####.#####..#
#.#####.#####..#
#..............#
##############.# ..########
#.### ...#.....# #...#
...#.....# ###@# #..#.....#
####o#### #..†.....#
#.)o..).#
###......####.##.##.#
#.........##...o.##.#
#.#.......##.o#####.#
..#.##.#..##........#
###.##....##.########
#.#.......o################


You could see an orc priest and 2 orcs.

Vanquished Creatures
  Sigmund (D:3)
  3 ice beasts
  2 black bears
  A phantom (D:5)
  An ogre (D:6)
  4 hounds
  A jelly (D:6)
  An orc priest (D:5)
  3 iguanas (D:5)
  An orc wizard (D:4)
  3 sleepcaps
  10 adders
  An ufetubus (D:5)
  3 worms
  A dart slug (D:5)
  16 orcs
  13 endoplasms
  9 giant cockroaches
  8 goblins
  10 hobgoblins
  5 jackals
  7 kobolds
  6 quokkas
  9 ball pythons
  8 bats
  4 frilled lizards (D:1)
  A rat (D:1)
132 creatures vanquished.

Notes
Turn   | Place    | Note
-------+----------+-------------------------------------------
     0 | D:1      | Metae the Minotaur Fighter began the quest for the Orb.
     0 | D:1      | Reached XP level 1. HP: 19/19 MP: 0/0
   102 | D:1      | Reached XP level 2. HP: 21/27 MP: 1/1
   611 | D:1      | Reached XP level 3. HP: 33/33 MP: 2/2
  1578 | D:2      | Reached XP level 4. HP: 41/41 MP: 3/3
  2134 | D:3      | Found Behyni's Weapon Shop.
  2237 | D:3      | Noticed Sigmund
  2244 | D:3      | Killed Sigmund
  2245 | D:3      | Reached skill level 5 in Fighting
  2245 | D:3      | Reached skill level 5 in Armour
  2245 | D:3      | Reached skill level 5 in Shields
  2245 | D:3      | Reached XP level 5. HP: 41/48 MP: 4/4
  2245 | D:3      | Reached XP level 6. HP: 48/56 MP: 5/5
  2366 | D:3      | Found a glowing golden altar of the Shining One.
  2624 | D:4      | Noticed an ice beast
  2637 | D:4      | Killed an ice beast
  2754 | D:4      | Reached skill level 5 in Maces & Flails
  2754 | D:4      | Reached XP level 7. HP: 42/62 MP: 6/6
  3343 | D:5      | Entered Level 5 of the Dungeon
  3654 | D:5      | Reached XP level 8. HP: 71/71 MP: 7/7
  4005 | D:5      | Identified the +5 tower shield of Grand Surprise {Harm
                  | rCorr}
  4201 | D:6      | Found an iron altar of Okawaru.
  4271 | D:6      | Found a hazy altar of Hepliaklqana.
  4468 | D:6      | Found a runed translucent door.
  4470 | D:6      | Found a shimmering altar of Xom.
  4470 | D:6      | Noticed windycow's ghost (novice DsGl)
  4471 | D:6      | Noticed a +0 war axe of chaos
  4506 | D:6      | Killed from afar by an orc priest

Illustrated notes

Levels and vault maps discovered:
D:1:      psy_arrival_fountain, layout_loops_ring, grunt_decor_clamped
D:2:      layout_basic, minmay_quantized
D:3:      layout_basic, tso_oasis_becter, serial_shops, shop, uniq_sigmund
D:4:      minmay_recursive_quarters, layout_cave_pools
D:5:      layout_loops_ring
D:6:      layout_loops_cross, lemuel_coloured_pillars_altar,
          general_overflow_altar, minmay_temple_entry_fiery, ebering_ghost_xom,
          st_stairs_4, corexii_leaking_fountain, minmay_misc_feat_enclosed

Skill      XL: |  1  2  3  4  5  6  7  8 |
---------------+-------------------------+-----
Shields        | 4 5 6 7 |  7.2
Armour         | 4 5 6 7 |  7.1
Fighting       | 4 5 6 7 |  7.2
Maces & Flails | 3 4 5 6 |  6.5

Action                     |  1- 3 |  4- 6 |  7- 9 || total
---------------------------+-------+-------+-------++-------
  Melee: Flail             |   110 |    59 |       ||   169
         Headbutt          |    14 |    27 |    34 ||    75
         Whip              |       |    58 |   138 ||   196
    Use: Scroll            |       |       |     4 ||     4
 Armour: Scale mail        |    54 |    19 |       ||    73
         Chain mail        |       |    36 |    56 ||    92
  Dodge: Dodged            |    52 |    55 |    39 ||   146
  Block: Buckler           |    24 |    22 |    23 ||    69
         Tower shield      |       |       |    37 ||    37
